 Dungeon Crawl Stone Soup version 0.26.0-45-g9c1d065592 (webtiles) character file.

Game seed: 10559221584229111271

2373 kaeus the Covert (level 9, -4/62 HPs)
             Began as an Octopode Monk on Jan 28, 2021.
             Was a Believer of Dithmenos.
             Engulfed by a cloud of freezing vapour (21 damage)
             ... on level 6 of the Dungeon.
             The game lasted 00:11:07 (6944 turns).

kaeus the Covert (Octopode Monk)                    Turns: 6944, Time: 00:11:08

Health: -4/62      AC:  5    Str: 16    XL:     9   Next: 45%
Magic:  9/9        EV: 15    Int: 12    God:    Dithmenos [**....]
Gold:   417        SH: 11    Dex: 18    Spells: 8/8 levels left

rFire    . . .     SeeInvis .   j - +4 dagger (speed)
rCold    . . .     Faith    .   m - +2 kite shield
rNeg     . . .     Spirit   .   (helmet restricted)
rPois    .         Reflect  .   (no amulet)
rElec    .         Harm     .   b - +4 ring of protection
rCorr    .         Rampage  .   p - +6 ring of strength
Will     .....                  (no ring)
Stlth    ++++++++..             (no ring)
HPRegen  0.20/turn              (no ring)
MPRegen  0.11/turn              (no ring)
                                (no ring)
                                (no ring)

@: wreathed by umbra
A: almost no armour, stealthy swim, amphibious, 8 rings, constrict 8, camouflage
1, gelatinous body 1
a: Renounce Religion, Shadow Step


You were on level 6 of the Dungeon.
You worshipped Dithmenos.
Dithmenos was pleased with you.
You visited 2 branches of the dungeon, and saw 7 of its levels.

You collected 417 gold pieces.

Inventory:

Hand Weapons
 j - a +4 dagger of speed (weapon)
 t - a +2 rapier of protection
Armour
 m - a +2 kite shield (worn)
Jewellery
 b - a +4 ring of protection (left tentacle)
 p - a +6 ring of strength (right tentacle)
Wands
 r - a wand of flame (15)
Scrolls
 a - 5 scrolls of remove curse
 h - 6 scrolls of teleportation
 i - a scroll of fear {unknown}
 o - a scroll of identify
 s - a scroll of magic mapping {unknown}
Potions
 c - a potion of mutation {unknown}
 d - 2 potions of flight
 e - 2 potions of curing
 f - a potion of lignification
 g - a potion of attraction
 k - 4 potions of might
 l - a potion of berserk rage


   Skills:
 + Level 6.0 Fighting
 + Level 6.0 Short Blades
 + Level 6.0 Dodging
 * Level 10.9 Stealth
 * Level 3.3 Shields


You had 8 spell levels left.
You didn't know any spells.
Your spell library was empty.

Dungeon Overview and Level Annotations

Branches:
Dungeon (6/15)             Temple (1/1) D:4

Altars:
Ashenzari
Cheibriados
Dithmenos
Elyvilon
Fedhas
Gozag
Hepliaklqana
Kikubaaqudgha
Makhleb
Nemelex Xobeh
Okawaru
Qazlal
Sif Muna
Trog
Uskayaw
Vehumet
Wu Jian
Xom
Yredelemnul
Zin
The Shining One


Innate Abilities, Weirdness & Mutations

You cannot wear most types of armour.
You are very stealthy in the water. (Stealth+)
You are amphibious.
You can wear up to eight rings at the same time.
You can use your tentacles to constrict eight enemies at once.
Your skin changes colour to match your surroundings (Stealth+).
Your rubbery body absorbs attacks. (AC +1, EV +1)


Message History

Health restored: 62 No target in view!
Done exploring.
Search for what [Enter for "@", or ? for help]? @ You see here a chain mail.
You open the door.
Really walk into a travel-excluded area? [Y]es or [N]o only, please.
Really walk into a travel-excluded area?
There is an open door here.
Really walk into a travel-excluded area?
You are engulfed in freezing vapours.
You take 20 damage, and have 42/62 hp.
MASSIVE DAMAGE!!
You are engulfed in freezing vapours.
You take 11 damage, and have 31/62 hp.
You are engulfed in freezing vapours.
* * * LOW HITPOINT WARNING * * *
You take 19 damage, and have 12/62 hp.
MASSIVE DAMAGE!!
You feel better.
You are engulfed in freezing vapours.
You die...

......####...#.#.#...<...........
###...)###...#○#○#......)........
#...........##○#○#...............
...........###○#○#.........[.....
.............#○#○#.........[.....
.............#○#○#...............
.........#####○#○#...............
#......#.#####○#○#..............#
#.######...###○#@#.......#.....##
........##.###○#○#.....#..#..####
........##..##○#○#...^.....#...##
....(...###..#○#○#.......#..#....
........###..#○#○#......##..#....
##..###..##..#○#○#.....#.........
.............#(#○#...............
#.#.####.#...#}#○#..........÷...#
#...##...###.#[#.'.............##


There were no monsters in sight!

Vanquished Creatures
  Eustachio (D:6)
  A necrophage (D:6)
  A sky beast (D:6)
  4 ogres
  2 centaurs (D:5)
  7 big kobolds (D:3)
  2 bullfrogs (D:6)
  2 scorpions
  A howler monkey (D:6)
  6 orc priests
  2 hounds
  2 iguanas
  3 orc wizards
  Ijyb (D:3)
  5 worker ants
  A hound zombie (D:3)
  A worker ant zombie (D:6)
  Robin (D:4)
  7 adders
  4 gnolls (D:6)
  A shadow imp (D:4)
  2 white imps
  An ooze (D:2)
  4 worms
  2 dart slugs (D:2)
  5 leopard geckos
  6 orcs
  A ball python (D:3)
  4 giant cockroaches
  15 goblins
  14 hobgoblins
  9 jackals
  A quokka (D:3)
  5 bats
  9 frilled lizards
  45 kobolds
  A quokka skeleton (D:4)
  5 rats
184 creatures vanquished.

Vanquished Creatures (others)
  A goblin (D:4)
1 creature vanquished.

Grand Total: 185 creatures vanquished

Notes
Turn   | Place    | Note
-------+----------+-------------------------------------------
     0 | D:1      | kaeus the Octopode Monk began the quest for the Orb.
     0 | D:1      | Reached XP level 1. HP: 16/16 MP: 1/1
    90 | D:1      | Reached skill level 3 in Stealth
   210 | D:1      | Reached XP level 2. HP: 12/21 MP: 2/2
  1389 | D:2      | Reached XP level 3. HP: 24/26 MP: 3/3
  1662 | D:2      | Reached skill level 4 in Stealth
  1718 | D:2      | Reached XP level 4. HP: 24/31 MP: 4/4
  2711 | D:3      | Noticed Ijyb
  2715 | D:3      | Killed Ijyb
  2716 | D:3      | Reached skill level 5 in Stealth
  2716 | D:3      | Reached XP level 5. HP: 37/37 MP: 5/5
  3125 | D:3      | Noticed a big kobold
  3139 | D:3      | Killed a big kobold
  3228 | D:3      | Noticed a big kobold
  3254 | D:3      | Killed a big kobold
  3255 | D:3      | Reached skill level 6 in Stealth
  3255 | D:3      | Reached XP level 6. HP: 36/43 MP: 6/6
  3753 | D:3      | Reached XP level 7. HP: 48/48 MP: 7/7
  3796 | D:3      | Reached skill level 7 in Stealth
  4276 | D:4      | Reached skill level 8 in Stealth
  4340 | D:4      | Noticed Robin
  4380 | D:4      | Killed Robin
  4473 | D:4      | Found a staircase to the Ecumenical Temple.
  4501 | Temple   | Entered the Ecumenical Temple
  4814 | D:4      | Reached XP level 8. HP: 35/54 MP: 8/8
  4993 | D:4      | Reached skill level 5 in Dodging
  5004 | D:4      | Reached skill level 5 in Short Blades
  5008 | D:4      | Reached skill level 5 in Fighting
  5012 | D:4      | Reached skill level 9 in Stealth
  5595 | D:4      | Found a shadowy altar of Dithmenos.
  5616 | D:4      | Became a worshipper of Dithmenos the Shadowed
  5616 | D:4      | Reached * piety under Dithmenos
  5616 | D:4      | Reached ** piety under Dithmenos
  5626 | D:4      | Found an iron altar of Okawaru.
  5736 | D:5      | Entered Level 5 of the Dungeon
  5915 | D:5      | Found a glowing golden altar of the Shining One.
  5962 | D:5      | Found an opulent altar of Gozag.
  6203 | D:5      | Reached skill level 10 in Stealth
  6203 | D:5      | Reached skill level 1 in Shields
  6281 | D:5      | Found a hazy altar of Hepliaklqana.
  6390 | D:6      | Reached XP level 9. HP: 53/61 MP: 9/9
  6748 | D:6      | Noticed Eustachio
  6759 | D:6      | Killed Eustachio
  6944 | D:6      | Engulfed by a cloud of freezing vapour

Illustrated notes

Levels and vault maps discovered:
D:1:      dpeg_arrival_simpleton_b, layout_basic, dk_noncrumbling_3
D:2:      layout_loops_corners, minmay_pentomino_r4
D:3:      minmay_goblin_kobold_castle, layout_basic, uniq_ijyb
D:4:      layout_basic, lemuel_crystal_altar, grunt_dithmenos_shadows,
          temple_pool_b, uniq_robin
D:5:      layout_cave_pools, nzn_hepliaklqana_mist_gate, basic_altar, tso_altar
D:6:      lemuel_ice_spiral_2, layout_rooms, uniq_eustachio
Temple:   dpeg_five_rooms_temple

Skill      XL: |  1  2  3  4  5  6  7  8  9 |
---------------+----------------------------+-----
Stealth        | 3 4 5 6 8 10 | 10.9
Fighting       | 4 5 6 |  6.0
Short Blades   | 4 5 6 |  6.0
Dodging        | 4 5 6 |  6.0
Shields        | 1 3 |  3.3

Action                   |  1- 3 |  4- 6 |  7- 9 || total
-------------------------+-------+-------+-------++-------
Melee: Short sword       |    31 |       |       ||    31
       Constrict         |    17 |    25 |    59 ||   101
       Tentacles         |    10 |    30 |    81 ||   121
       Dagger            |    35 |   114 |   290 ||   439
  Use: Scroll            |       |       |    12 ||    12
       Potion            |       |       |     3 ||     3
 Stab: Sleeping          |     5 |    15 |    18 ||    38
       Distracted        |       |       |     1 ||     1
Armor: Skin              |     8 |    16 |    29 ||    53
Dodge: Dodged            |    26 |    60 |   138 ||   224
Block: Kite shield       |       |       |    10 ||    10
